 Dungeon Crawl Stone Soup version 0.21.1-1-g345015f (webtiles) character file.

582834 rgaf the Kobold Arbalest (level 27, -11/276 HPs)
             Began as a Kobold Berserker on June 24, 2018.
             Was the Champion of Trog.
             Mangled by a titan (20 damage)
             ... on level 5 of the Vaults.
             The game lasted 02:45:12 (86291 turns).

rgaf the Kobold Arbalest (Kobold Berserker)        Turns: 86291, Time: 02:45:12

Health: -11/276    AC: 42    Str: 32    XL:     27
Magic:  16/32      EV: 20    Int: 17    God:    Trog [******]
Gold:   1129       SH:  0    Dex: 19    Spells: 26/26 levels left

rFire    + . .     SeeInvis +   a - +9 demon blade (elec)
rCold    + . .     Gourm    .   (shield restricted)
rNeg     + . .     Faith    .   O - +7 pearl dragon scales of Hairiness {rN+ Str+3 Dex+2}
rPois    +         Spirit   .   Y - +2 helmet {SInv}
rElec    .         Reflect  .   M - +2 cloak {MR+}
rCorr    .         Harm     .   A - +2 pair of gloves
MR       +++++                  R - +2 pair of boots {Fly}
Stlth    ..........             V - amulet of regeneration
HPRegen  0.96/turn              v - ring of the Mage {Wiz MR++ Int+3}
MPRegen  0.23/turn              t - ring "Esenapy" {rPois rC+ Int+5 Stlth+}

@: berserking, very slightly contaminated, very quick
A: small, carnivore, fire resistance 1, mutation resistance 1
}: 2/15 runes: serpentine, barnacled
a: Berserk, Trog's Hand, Brothers in Arms, Burn Spellbooks, Renounce Religion,
Evoke Flight


You were on level 5 of the Vaults.
You worshipped Trog.
Trog was exalted by your worship.
You were full.

You visited 10 branches of the dungeon, and saw 48 of its levels.
You visited 1 bazaar.
You also visited: Labyrinth, Sewer, Ice Cave and Wizlab.

You collected 5922 gold pieces.
You spent 4793 gold pieces at shops.

Inventory:

Hand Weapons
 a - a +9 demon blade of electrocution (weapon)
 b - the +5 triple crossbow "Heorapic" {penet, Int+6}
   (You acquired it on level 9 of the Dungeon)

   Ammo fired by it will pass through the targets it hits, potentially hitting
   all targets in its path until it reaches maximum range.
   It affects your intelligence (+6).
 e - the +9 rapier of Equilibrium {freeze, Str+7}
   (You found it on level 3 of the Lair of Beasts)

   It has been specially enchanted to freeze those struck by it, causing extra
   injury to most foes and up to half again as much damage against particularly
   susceptible opponents.
   It can also slow down cold-blooded creatures.
   It affects your strength (+7).
 w - a +7 antimagic double sword
 J - a +6 quick blade
 W - a +0 demon blade of flaming
Missiles
 f - 2303 bolts
Armour
 u - +2 storm dragon scales {Bai Suzhen}
 A - a +2 pair of gloves (worn)
 M - a +2 cloak of magic resistance (worn)
 O - the +7 pearl dragon scales of Hairiness (worn) {rN+ Str+3 Dex+2}
   (You bought it in a shop in a bazaar)

   It affects your strength (+3).
   It affects your dexterity (+2).
   It protects you from negative energy.
 R - a +2 pair of boots of flying (worn)
 Y - a +2 helmet of see invisible (worn)
Jewellery
 d - the ring of Gluttony {*Drain rPois rN+ Int+3}
   (You took it off a deep elf archer on level 3 of the Elven Halls)

   [ring of intelligence]

   It affects your intelligence (+3).
   It protects you from poison.
   It protects you from negative energy.
   It causes draining when unequipped.
 t - the ring "Esenapy" (right hand) {rPois rC+ Int+5 Stlth+}
   (You took it off a fire giant on level 2 of the Depths)

   [ring of stealth]

   It affects your intelligence (+5).
   It protects you from cold.
   It protects you from poison.
   It makes you more stealthy.
 v - the ring of the Mage (left hand) {Wiz MR++ Int+3}
   (You found it in a labyrinth)

   [ring of wizardry]

   It improves your spell success rate.
   It affects your intelligence (+3).
   It affects your resistance to hostile enchantments.
 B - an uncursed ring of poison resistance
 D - an uncursed ring of protection from fire
 I - an uncursed ring of protection from cold
 V - an amulet of regeneration (around neck)
Wands
 i - a wand of enslavement (32)
 q - a wand of iceblast (48)
 C - a wand of acid (5)
 P - a wand of flame (116)
 Q - a wand of disintegration (34)
 U - a wand of digging (42)
 X - a wand of paralysis (27)
 Z - a wand of clouds (16)
Scrolls
 g - 24 scrolls of remove curse
 k - 4 scrolls of fog
 m - a scroll of holy word
 x - 8 scrolls of enchant armour
 E - 3 scrolls of summoning
 F - 3 scrolls of fear
 G - a scroll of brand weapon
 K - 2 scrolls of teleportation
 T - a scroll of magic mapping
Potions
 h - 11 potions of mutation
 j - 3 potions of haste
 l - 4 potions of brilliance
 o - 2 potions of magic
 r - 15 potions of curing
 y - a potion of agility
 z - 2 potions of cancellation
 H - 2 potions of resistance
 L - 2 potions of berserk rage
 N - 2 potions of might
 S - 8 potions of ambrosia
Miscellaneous
 n - 3 boxes of beasts
Comestibles
 c - 70 rations


   Skills:
 + Level 22.2 Fighting
 - Level 6.0(16.4) Short Blades
 - Level 15.8(16.0) Long Blades
 O Level 27 Crossbows
 * Level 20.6 Armour
 - Level 8.7 Dodging
 - Level 10.8 Stealth
 - Level 12.4 Evocations


You had 26 spell levels left.
You didn't know any spells.

Dungeon Overview and Level Annotations

Branches:
Dungeon (15/15)            Temple (1/1) D:7            Lair (6/6) D:8
 Shoals (4/4) Lair:4        Snake (4/4) Lair:2        Slime (0/5) Lair:5
    Orc (2/2) D:9             Elf (3/3) Orc:2        Vaults (5/5) D:14
  Crypt (3/3) Vaults:2       Tomb (0/3) Crypt:3      Depths (5/5) D:15
    Zot (0/5) Depths:5

Altars:
Fedhas
Kikubaaqudgha
Qazlal
Ru
Sif Muna
Jiyva

Shops:
D:4 %*   D:7 !   D:15 }   Orc:2 (![?   Elf:3 %=*=*   Shoals:2 (   Vaults:1 (
Depths:3 }   Depths:4 ?*

Portals:
Hell: Depths:1 Depths:2 Depths:3 Depths:4 Depths:5
Abyss: Depths:3 Depths:4 Depths:5
Pandemonium: Depths:3
Ziggurat: Depths:5
Trove: Depths:2 (give 2 scrolls of acquirement)

Annotations:
D:7 exclusion: door
D:9 1 exclusion
Lair:6 exclusion: oklob plant
Shoals:3 Roxanne
Vaults:5 Mara


Innate Abilities, Weirdness & Mutations

You are small and have problems with some larger weapons.
You are carnivorous and can eat meat at any time.
Your flesh is heat resistant. (rF+)
You are somewhat resistant to further mutation.


Message History

The titan resists with almost no effort.
As you read the scroll of fog, it crumbles to dust.
The scroll dissolves into smoke.
Do you really want to go berserk while wielding the +5 triple crossbow "Heorapic" {penet, Int+6}? [Y]es or [N]o only, please.
Do you really want to go berserk while wielding the +5 triple crossbow "Heorapic" {penet, Int+6}? [Y]es or [N]o only, please.
Do you really want to go berserk while wielding the +5 triple crossbow "Heorapic" {penet, Int+6}?
Okay, then.
You hear the crackle of electricity.
a - a +9 demon blade of electrocution (weapon)
Unknown command.
A red film seems to cover your vision as you go berserk!
You feel yourself moving faster!
You feel mighty!
The titan waves its arms in wide circles.
The air twists around and strikes you!
You hit the titan.
The titan is moderately wounded.
The titan hits you!!
You die...

/ ## .# ...
#.# # #§. .#
## #.###. ..
.....
#§###.#)#
#§§@CD#T#
.#§###§#)#.#
.........(..#
###.#.#.###.#
#.#.. .# #
#(# # ... #.#
..#


You could see a titan and a storm dragon.

Vanquished Creatures
  An ancient lich (Vaults:5)
  Boris (Vaults:4)
  Bai Suzhen (Depths:1)
  Xtahua (Vaults:4)
  Saint Roka (Snake:4)
  Margery (Crypt:3)
  A mutant beast (WizLab)
  3 golden dragons
  Jory (Crypt:1)
  2 bone dragons
  4 liches
  2 tentacled monstrosities
  3 titans
  A deep elf blademaster (Elf:3)
  2 quicksilver dragons
  7 sphinxes
  Polyphemus (Shoals:3)
  Gastronok (D:9)
  2 deep elf master archers (Elf:3)
  2 ancient champions
  Donald (Snake:4)
  5 tengu reavers
  The ghost of Wapistan the Tortoise, an adept MiGl of Hepliaklqana (Depths:1)
  Ilsuiw (Shoals:4)
  6 nagarajas
  9 fire giants
  A storm dragon (Depths:4)
  2 revenants (Crypt:3)
  11 frost giants
  3 iron dragons
  6 deep elf sorcerers
  22 vault wardens
  A draconian scorcher (Depths:5)
  Louise (Shoals:1)
  Aizul (Snake:3)
  A juggernaut zombie (Crypt:2)
  A balrug (Depths:1)
  2 curse skulls (Crypt:3)
  An orc warlord (D:9)
  A reaper (Crypt:3)
  A draconian annihilator (Depths:5)
  4 deep elf elementalists
  19 ironheart preservers
  32 very ugly things
  A spriggan defender (Depths:4)
  2 war gargoyles
  6 vampire knights
  17 stone giants
  An entropy weaver (Vaults:3)
  6 deep elf demonologists
  2 green draconians (Depths:5)
  3 white draconians (Depths:5)
  2 purple draconians (Depths:5)
  A yellow draconian (Depths:5)
  A spark wasp (shapeshifter) (Vaults:5)
  8 deep elf annihilators
  7 spark wasps (Depths:3)
  9 eidola
  17 ettins
  10 deep elf death magi
  The ghost of ryzol the Basher, a journeyman GrFi of Uskayaw (Lair:6)
  5 merfolk javelineers
  A minotaur (shapeshifter) (Vaults:3)
  A minotaur (Lab)
  11 fire dragons
  A quicksilver dragon zombie (Crypt:2)
  7 merfolk impalers
  Josephine (Snake:1)
  6 jiangshi
  6 deep elf high priests
  5 rakshasas
  5 great orbs of eyes
  Erolcha (D:11)
  10 ice dragons
  23 vault guards
  13 yaktaur captains
  8 hydras
  17 naga warriors
  6 death knights
  The ghost of manchovi the Bludgeoner, a journeyman MiFi of Yredelemnul (D:12)
  A hell beast (Depths:3)
  5 spriggan air magi
  34 two-headed ogres
  2 alligator snapping turtles (Shoals:4)
  9 anacondas
  2 catoblepae
  7 merfolk aquamancers
  7 deep troll shamans
  2 merfolk avatars (Shoals:2)
  A satyr (Shoals:4)
  14 ogre magi
  29 dancing weapons
  7 centaur warriors
  7 vampire magi
  7 death yaks
  9 deep troll earth magi
  6 tengu warriors
  6 spriggans (Depths:5)
  A spectral storm dragon (Crypt:3)
  14 naga sharpshooters
  5 shock serpents
  10 spriggan berserkers
  The ghost of Tonbert the Cleaver, a novice MiBe of Trog (D:8)
  An iron golem (WizLab)
  A fire crab (shapeshifter) (Vaults:2)
  3 soul eaters
  3 sun demons
  25 deep elf knights
  12 shadow wraiths
  15 hell knights
  3 iron trolls (Depths:5)
  3 salamander mystics (Snake:4)
  27 skeletal warriors
  5 unseen horrors
  A spectral emperor scorpion (Crypt:3)
  2 unseen horrors (shapeshifter)
  13 sea snakes
  A death drake (shapeshifter) (Depths:3)
  30 deep trolls
  7 naga ritualists
  2 swamp dragons (shapeshifter)
  22 deep elf archers
  A glowing orange brain (Depths:3)
  3 wizards
  15 ironbrand convokers
  7 flayed ghosts
  A harpy (shapeshifter) (WizLab)
  16 orc knights
  A wolf spider zombie (D:14)
  Pikel (D:4)
  7 mana vipers
  9 necromancers
  57 deep elf magi
  30 phantasmal warriors
  11 harpies
  40 ugly things
  9 fauns
  4 orc sorcerers
  A salamander (shapeshifter) (WizLab)
  A faun (shapeshifter) (WizLab)
  3 oklob plants
  An orb spider (shapeshifter) (WizLab)
  A sphinx skeleton (Crypt:1)
  5 salamanders
  4 wolf spiders
  13 manticores
  18 cyclopes
  A frost giant zombie (Vaults:5)
  3 stone giant skeletons
  9 merfolk sirens
  A fire giant skeleton (Vaults:2)
  A guardian serpent (shapeshifter) (WizLab)
  2 manticores (shapeshifter)
  20 naga magi
  27 black mambas
  An ice statue (IceCv)
  5 water nymphs
  21 vault sentinels
  10 guardian serpents
  5 gargoyles
  19 spiny frogs
  A torpor snail (Lair:5)
  7 centaur skeletons
  2 rime drakes
  A rime drake (shapeshifter) (WizLab)
  9 komodo dragons
  A purple draconian zombie (Crypt:2)
  7 large abominations (WizLab)
  12 freezing wraiths
  A komodo dragon (shapeshifter) (Vaults:2)
  79 yaktaurs
  4 tengu conjurers
  A death yak zombie (Crypt:3)
  2 ice devils (D:13)
  A yaktaur (shapeshifter) (WizLab)
  A hellwing (Depths:3)
  A guardian mummy (Crypt:3)
  A yaktaur skeleton (Vaults:2)
  A yellow draconian skeleton (Crypt:2)
  A merfolk (shapeshifter) (Elf:2)
  A queen bee (D:9)
  9 wind drakes
  A wind drake (shapeshifter) (Depths:2)
  A polar bear (shapeshifter) (Elf:3)
  3 jumping spiders (shapeshifter)
  12 polar bears
  3 meliai (D:13)
  2 queen bees (shapeshifter) (WizLab)
  12 trolls
  2 trolls (shapeshifter)
  5 tyrant leeches (Lair:6)
  9 hornets
  26 merfolk
  Grinder (D:4)
  7 dream sheep
  6 hippogriffs
  21 blink frogs
  29 slime creatures
  A spectral swamp dragon (Crypt:3)
  A hydra skeleton (Crypt:3)
  7 snapping turtles
  2 dream sheep (shapeshifter)
  A satyr zombie (Crypt:1)
  3 redbacks (Vaults:3)
  A frost giant simulacrum (Vaults:3)
  13 flying skulls
  11 air elementals
  2 tarantellas (shapeshifter)
  A centaur simulacrum (D:13)
  2 redbacks (shapeshifter) (WizLab)
  10 shadows
  2 ettin skeletons (Vaults:2)
  A spriggan (shapeshifter) (WizLab)
  9 water elementals
  2 fire elementals
  2 yaks (shapeshifter) (WizLab)
  42 yaks
  A fire bat (shapeshifter) (WizLab)
  A vampire (D:12)
  20 wraiths
  A basilisk (shapeshifter) (Depths:1)
  8 hungry ghosts
  5 wyverns
  A wyvern (shapeshifter) (Vaults:1)
  An elf zombie (Vaults:5)
  A hog (shapeshifter) (WizLab)
  A golden eye (shapeshifter) (WizLab)
  2 humans (shapeshifter) (WizLab)
  A neqoxec (Depths:3)
  21 humans (D:14)
  7 small abominations
  5 basilisks
  6 vampire mosquitoes (Lair:6)
  An acid dragon (Vaults:2)
  A deep troll zombie (Crypt:1)
  An elf skeleton (Vaults:5)
  4 wargs
  A warg (shapeshifter) (WizLab)
  50 nagas
  11 water moccasins
  5 floating eyes
  2 hell hounds (D:8)
  A porcupine (shapeshifter) (WizLab)
  Duvessa (D:4)
  4 ice beasts
  A merfolk skeleton (Crypt:1)
  31 orc warriors
  4 porcupines
  An ice beast (shapeshifter) (D:15)
  2 sky beasts (D:9)
  4 phantoms
  A snapping turtle zombie (Crypt:1)
  8 boggarts
  61 ogres
  A necrophage (D:6)
  20 wolves (IceCv)
  18 centaurs
  7 crocodiles
  A big kobold (shapeshifter) (Vaults:4)
  A spectral human (Crypt:3)
  3 big kobolds
  21 bullfrogs
  4 earth elementals
  An octopode zombie (Crypt:1)
  A salamander zombie (Crypt:1)
  A salamander skeleton (Crypt:1)
  7 human skeletons (Vaults:2)
  A troll zombie (Crypt:3)
  19 wights
  29 killer bees
  A killer bee (shapeshifter) (Depths:1)
  A warg skeleton (Crypt:3)
  A spriggan skeleton (Crypt:2)
  A howler monkey (D:6)
  An electric eel (D:15)
  6 crimson imps
  A centaur zombie (D:11)
  A quasit (Depths:3)
  23 orc priests
  3 bullfrog skeletons
  A hound (shapeshifter) (Depths:4)
  9 jellies
  Crazy Yiuf (D:6)
  A human zombie (Crypt:2)
  6 hounds
  2 iron imps (Depths:3)
  Jessica (D:3)
  2 hell rats (Lair:5)
  7 iguanas
  18 orc wizards
  14 worker ants
  An ogre zombie (Crypt:3)
  A deep dwarf zombie (Crypt:3)
  An acid dragon skeleton (Crypt:2)
  A hound zombie (D:10)
  11 mummies (Crypt:3)
  7 gnolls
  A scorpion zombie (Crypt:2)
  6 adders
  15 river rats
  A shadow imp (D:9)
  A white imp (D:13)
  An ufetubus (D:13)
  13 oozes (D:11)
  An adder zombie (D:9)
  2 adder skeletons
  2 dart slugs (D:1)
  3 worms
  4 leopard geckos
  85 orcs
  4 giant cockroaches
  4 hobgoblins
  8 jackals
  3 quokkas
  A ball python zombie (Crypt:3)
  2 bats
  A frilled lizard (D:1)
  5 goblins
  A hobgoblin skeleton (Crypt:1)
  2 hobgoblin zombies
  A jackal zombie (D:9)
  21 kobolds
  A leopard gecko skeleton (D:5)
  A quokka skeleton (D:2)
  A quokka zombie (D:5)
  11 rats
  A fungus (Lair:2)
  4 plants
2277 creatures vanquished.

Vanquished Creatures (collateral kills)
  Mennas (Vaults:4)
  Vashnia (Snake:3)
  Jorgrun (Vaults:4)
  A tengu reaver (Depths:4)
  2 ironheart preservers
  The ghost of Demiham the Severer, a journeyman HOMo of Beogh (Shoals:3)
  A stone giant (Vaults:3)
  A vampire knight (Depths:4)
  A vault guard (Vaults:5)
  A great orb of eyes (Depths:3)
  A rakshasa (Vaults:3)
  2 naga warriors (Snake:3)
  2 two-headed ogres (Vaults:5)
  An ogre mage (Vaults:4)
  A deep troll earth mage (Depths:3)
  A phantasmal warrior (Vaults:5)
  2 orc knights
  A salamander (Snake:3)
  A naga mage (Snake:3)
  2 yaktaurs (Vaults:2)
  A red devil (Depths:3)
  3 polar bears (IceCv)
  3 slime creatures (Vaults:3)
  3 nagas (Snake:3)
  An ogre (Vaults:4)
  A crimson imp (Depths:3)
  A quasit (Depths:3)
  4 orcs
  A plant (Lair:5)
43 creatures vanquished.

Vanquished Creatures (others)
  A vault warden (Vaults:2)
  2 deep elf magi
  A black mamba (Snake:4)
  A slave (D:4)
  2 wolves (IceCv)
  An ogre (Vaults:4)
  A boggart (Vaults:2)
  Dowan (D:4)
  An orc wizard (Orc:1)
  A quokka skeleton (D:4)
  29 fungi
  60 plants
101 creatures vanquished.

Grand Total: 2421 creatures vanquished

Notes
Turn   | Place    | Note
-------+----------+-------------------------------------------
     0 | D:1      | rgaf the Kobold Berserker began the quest for the Orb.
     0 | D:1      | Reached XP level 1. HP: 14/14 MP: 1/1
   491 | D:1      | Reached XP level 2. HP: 19/19 MP: 2/2
   551 | D:1      | Reached skill level 5 in Short Blades
   780 | D:1      | Reached XP level 3. HP: 19/23 MP: 3/3
  1385 | D:2      | Reached ** piety under Trog
  1528 | D:2      | Reached skill level 1 in Stealth
  1788 | D:2      | Reached XP level 4. HP: 28/28 MP: 4/4
  2219 | D:3      | Found a glowing drain.
  2363 | Sewer    | Entered a sewer
  2632 | Sewer    | Noticed a big kobold
  2662 | Sewer    | Reached XP level 5. HP: 30/32 MP: 5/5
  2678 | Sewer    | Killed a big kobold
  2678 | Sewer    | Reached skill level 5 in Stealth
  2864 | Sewer    | Found a white marble altar of Elyvilon.
  3010 | D:3      | Noticed Jessica
  3017 | D:3      | Killed Jessica
  3017 | D:3      | Reached XP level 6. HP: 37/37 MP: 6/6
  3663 | D:4      | Found Qeriph's Assorted Antiques.
  3671 | D:4      | Found Qutrek's Food Boutique.
  3725 | D:4      | Noticed a slave
  3726 | D:4      | Noticed Pikel
  3726 | D:4      | Noticed a slave
  3728 | D:4      | Noticed a slave
  3729 | D:4      | Noticed a slave
  3769 | D:4      | Killed Pikel
  3769 | D:4      | Reached skill level 10 in Stealth
  3769 | D:4      | Reached XP level 7. HP: 34/41 MP: 7/7
  3769 | D:4      | Reached XP level 8. HP: 38/46 MP: 8/8
  3960 | D:4      | Killed Dowan
  4008 | D:4      | Noticed Duvessa
  4024 | D:4      | Killed Duvessa
  4088 | D:4      | Noticed Grinder
  4116 | D:4      | Killed Grinder
  4470 | D:5      | Entered Level 5 of the Dungeon
  5094 | D:5      | Reached skill level 5 in Fighting
  5755 | D:6      | Reached XP level 9. HP: 37/54 MP: 9/9
  6167 | D:6      | Reached skill level 1 in Long Blades
  6455 | D:6      | Reached *** piety under Trog
  6984 | D:6      | Found a runed door.
  7082 | D:6      | Noticed Crazy Yiuf
  7088 | D:6      | Killed Crazy Yiuf
  7160 | D:7      | Found a staircase to the Ecumenical Temple.
  7345 | Temple   | Entered the Ecumenical Temple
  7800 | D:7      | Found Daceget's Distillery.
  7813 | D:7      | Bought a potion of heal wounds for 70 gold pieces
  7813 | D:7      | Bought a potion of might for 56 gold pieces
  7836 | D:7      | Reached skill level 5 in Armour
  7862 | D:7      | Found a deep blue altar of Sif Muna.
  8334 | D:8      | Noticed Tonbert's ghost (novice MiBe)
  8705 | D:8      | Killed Tonbert's ghost
  8705 | D:8      | Reached XP level 10. HP: 64/64 MP: 10/10
  9143 | D:8      | Noticed a cyclops
  9156 | D:8      | Killed a cyclops
  9156 | D:8      | Reached skill level 5 in Long Blades
  9372 | D:8      | Found a staircase to the Lair.
  9702 | D:8      | Noticed a two-headed ogre
  9848 | D:8      | Killed a two-headed ogre
 10218 | D:9      | Found a staircase to the Orcish Mines.
 10512 | D:9      | Noticed a two-headed ogre
 10530 | D:9      | Killed a two-headed ogre
 10530 | D:9      | Reached XP level 11. HP: 26/69 MP: 2/14
 10984 | D:9      | Noticed Gastronok
 11088 | D:9      | Reached skill level 5 in Evocations
 11096 | D:9      | Reached **** piety under Trog
 11844 | D:10     | Entered Level 10 of the Dungeon
 12759 | D:11     | Found a labyrinth entrance.
 12766 | Lab      | Entered a labyrinth
 12845 | Lab      | Noticed a minotaur
 12860 | Lab      | Killed a minotaur
 13012 | Lab      | Found the ring of the Mage {Wiz MR++ Int+3}
 13891 | D:11     | Noticed a manticore
 13914 | D:11     | Killed a manticore
 14267 | D:11     | Reached XP level 12. HP: 76/76 MP: 13/17
 14638 | D:11     | Reached ***** piety under Trog
 14835 | D:11     | Noticed Erolcha
 14845 | D:11     | Killed Erolcha
 15344 | D:9      | Reached skill level 10 in Fighting
 15393 | D:9      | Killed Gastronok
 15684 | D:9      | Identified a scroll of acquirement
 15687 | D:9      | Got a brightly glowing triple crossbow
 15688 | D:9      | Identified the +5 triple crossbow "Heorapic" {penet, Int+6} (You acquired it on level 9 of the Dungeon)
 15803 | Lair:1   | Entered Level 1 of the Lair of Beasts
 15839 | Lair:1   | Noticed a five-headed hydra
 15925 | Lair:1   | Reached skill level 1 in Crossbows
 16171 | Lair:1   | Reached skill level 2 in Crossbows
 16544 | Lair:1   | Reached skill level 3 in Crossbows
 17230 | Lair:1   | Killed an unseen horror
 17230 | Lair:1   | Reached skill level 4 in Crossbows
 17479 | Lair:1   | Reached XP level 13. HP: 60/83 MP: 12/19
 17913 | Lair:1   | Killed a five-headed hydra
 18293 | Lair:2   | Reached skill level 5 in Crossbows
 18302 | Lair:2   | Received a gift from Trog
 18360 | Lair:2   | Found a staircase to the Snake Pit.
 18979 | Lair:2   | Reached skill level 6 in Crossbows
 19872 | Lair:3   | Reached skill level 10 in Long Blades
 20227 | Lair:3   | Got a scorched rapier
 20228 | Lair:3   | Identified the +9 rapier of Equilibrium {freeze, Str+7} (You found it on level 3 of the Lair of Beasts)
 20287 | Lair:3   | Reached skill level 7 in Crossbows
 20878 | Lair:4   | Found a staircase to the Shoals.
 20889 | Lair:4   | Received a gift from Trog
 21456 | Lair:5   | Noticed a five-headed hydra
 21554 | Lair:5   | Killed a five-headed hydra
 21609 | Lair:5   | Noticed a four-headed hydra
 21617 | Lair:5   | Killed a four-headed hydra
 21712 | Lair:5   | Received a gift from Trog
 21712 | Lair:5   | Reached skill level 8 in Crossbows
 21780 | Lair:5   | Found a staircase to the Slime Pits.
 21781 | Lair:5   | Found a viscous altar of Jiyva.
 22036 | Lair:5   | Noticed a four-headed hydra
 22054 | Lair:5   | Killed a four-headed hydra
 22054 | Lair:5   | Reached XP level 14. HP: 90/90 MP: 20/20
 22365 | Lair:6   | Entered Level 6 of the Lair of Beasts
 22575 | Lair:6   | Reached skill level 9 in Crossbows
 23004 | Lair:6   | Noticed ryzol's ghost (journeyman GrFi)
 23051 | Lair:6   | Killed ryzol's ghost
 23504 | Lair:6   | Reached skill level 10 in Crossbows
 23772 | Lair:6   | Received a gift from Trog
 24918 | Orc:1    | Entered Level 1 of the Orcish Mines
 24929 | D:9      | Received a gift from Trog
 25310 | Orc:1    | Noticed an orc warlord
 25469 | D:9      | Killed an orc warlord
 26033 | Orc:2    | Entered Level 2 of the Orcish Mines
 26033 | Orc:2    | Found a staircase to the Elven Halls.
 26113 | Orc:1    | Reached skill level 11 in Crossbows
 26829 | Orc:2    | Reached XP level 15. HP: 71/96 MP: 21/21
 27170 | Orc:2    | Received a gift from Trog
 27655 | Orc:2    | Reached skill level 12 in Crossbows
 27811 | Orc:2    | Found Uzavuim's Distillery.
 27817 | Orc:2    | Found Hagaess's Magic Scroll Emporium.
 27863 | Orc:2    | Reached skill level 10 in Armour
 27931 | Orc:2    | Found Usolan's Weapon Shop.
 27969 | Orc:2    | Bought a potion of curing for 30 gold pieces
 27972 | Orc:2    | Found Niygugakh's Armour Shoppe.
 27980 | Orc:2    | Bought a +1 pair of boots of flying for 214 gold pieces
 28001 | Orc:2    | Bought a scroll of enchant armour for 105 gold pieces
 28012 | Orc:2    | Bought a potion of heal wounds for 50 gold pieces
 28221 | D:12     | Noticed manchovi's ghost (journeyman MiFi)
 28235 | D:12     | Killed manchovi's ghost
 28300 | D:12     | Reached ****** piety under Trog
 28408 | D:12     | Received a gift from Trog
 28465 | D:12     | Reached skill level 13 in Crossbows
 29128 | D:12     | Found the +5 scythe "Finisher" {speed, Str+3}
 29426 | D:13     | Got a bloodstained helmet
 29428 | D:13     | Identified the +0 helmet of the Hippo {*Contam +Fly MP+9 Str+5} (You found it on level 13 of the Dungeon)
 29447 | D:13     | Found a frozen archway.
 29489 | IceCv    | Entered an ice cave
 29946 | IceCv    | Received a gift from Trog
 30155 | IceCv    | Received a gift from Trog
 30378 | IceCv    | Noticed a frost giant
 30397 | IceCv    | Reached XP level 16. HP: 104/104 MP: 22/22
 30405 | IceCv    | Killed a frost giant
 30405 | IceCv    | Reached skill level 14 in Crossbows
 30735 | D:13     | Reached skill level 15 in Crossbows
 30735 | D:13     | Reached XP level 17. HP: 109/109 MP: 23/23
 31676 | D:14     | Received a gift from Trog
 31811 | D:14     | Found a gate to the Vaults.
 31870 | D:14     | Identified the +11 rapier "Puiruig" {elec, *Rage rC+ rN+ Dex+4} (You found it on level 14 of the Dungeon)
 32021 | D:14     | Reached skill level 16 in Crossbows
 32026 | D:14     | Received a gift from Trog
 32605 | D:15     | Entered Level 15 of the Dungeon
 32652 | D:15     | Found Xuyn's Gadget Shoppe.
 32791 | D:15     | Found a blossoming altar of Fedhas.
 32966 | D:15     | Found a staircase to the Depths.
 33151 | D:15     | Received a gift from Trog
 33780 | Snake:1  | Entered Level 1 of the Snake Pit
 34214 | Snake:1  | Noticed Josephine
 34262 | Snake:1  | Received a gift from Trog
 34266 | Snake:1  | Identified the +7 triple crossbow "Jeyqoh" {elec, Dex+4 Stlth+} (Trog gifted it to you on level 1 of the Snake Pit)
 34291 | Snake:1  | Killed Josephine
 35194 | Snake:2  | Reached skill level 17 in Crossbows
 36237 | Snake:3  | Reached XP level 18. HP: 116/117 MP: 24/24
 36246 | Snake:3  | Reached skill level 18 in Crossbows
 36246 | Snake:3  | Reached XP level 19. HP: 122/122 MP: 25/25
 37202 | Snake:3  | Received a gift from Trog
 37840 | Snake:4  | Entered Level 4 of the Snake Pit
 37938 | Snake:3  | Reached skill level 5 in Dodging
 38064 | Snake:4  | Noticed Aizul
 38082 | Snake:3  | Killed Aizul
 38342 | Snake:4  | Noticed Saint Roka
 38498 | Snake:4  | Killed Saint Roka
 39079 | Snake:4  | Reached skill level 19 in Crossbows
 39497 | Snake:4  | Noticed Donald
 39513 | Snake:4  | Killed Donald
 39676 | Snake:4  | Found a stormy altar of Qazlal.
 39713 | Snake:4  | Received a gift from Trog
 39785 | Snake:4  | Reached skill level 15 in Fighting
 40924 | Snake:4  | Reached XP level 20. HP: 129/129 MP: 26/26
 41068 | Snake:4  | Noticed Vashnia
 41232 | Snake:3  | Killed Vashnia
 41232 | Snake:3  | Reached skill level 20 in Crossbows
 41362 | Snake:4  | Received a gift from Trog
 41635 | Snake:4  | Got a serpentine rune of Zot
 41913 | Shoals:1 | Entered Level 1 of the Shoals
 42266 | Shoals:1 | Received a gift from Trog
 42323 | Shoals:1 | Noticed Louise
 42888 | Shoals:1 | Received a gift from Trog
 43069 | Shoals:1 | Killed Louise
 44292 | Shoals:2 | Found Zilif's Weapon Shop.
 45003 | Shoals:3 | Received a gift from Trog
 45112 | Shoals:3 | Noticed Demiham's ghost (journeyman HOMo)
 45152 | Shoals:3 | Killed Demiham's ghost
 45246 | Shoals:3 | Noticed Roxanne
 45559 | Shoals:3 | Noticed Polyphemus
 45575 | Shoals:3 | Reached skill level 21 in Crossbows
 45824 | Shoals:3 | Killed Polyphemus
 46623 | Vaults:1 | Entered Level 1 of the Vaults
 46899 | Vaults:1 | Received a gift from Trog
 46900 | Vaults:1 | Found the +7 lajatang of Order {silver, rMut}
 46957 | Vaults:1 | Reached XP level 21. HP: 136/136 MP: 27/27
 47391 | Vaults:1 | Found Ostibb's Antique Weapon Boutique.
 48283 | Vaults:1 | Received a gift from Trog
 48283 | Vaults:1 | Reached skill level 22 in Crossbows
 49383 | Vaults:2 | Found a magical portal.
 49418 | WizLab   | Entered Cigotuvi's Fleshworks
 49583 | WizLab   | Received a gift from Trog
 49587 | WizLab   | Got a polished arbalest {god gift}
 49588 | WizLab   | Identified the +4 arbalest "Vaysk" {venom, +Inv rPois rF+} (Trog gifted it to you in a wizard's laboratory)
 49761 | WizLab   | Paralysed by a floating eye for 4 turns
 49769 | WizLab   | Paralysed by a floating eye for 3 turns
 49813 | WizLab   | Paralysed by a floating eye for 4 turns
 49821 | WizLab   | Paralysed by a floating eye for 3 turns
 49990 | WizLab   | Got a bound ruby amulet
 50283 | WizLab   | Reached XP level 22. HP: 142/145 MP: 28/28
 50433 | WizLab   | Identified the Volume of Transmutation
 50436 | WizLab   | Identified Cigotuvi's Reference Book on Evil Transmigration
 50897 | Vaults:2 | Received a gift from Trog
 50900 | Vaults:2 | Found a staircase to the Crypt.
 50995 | Vaults:2 | Reached skill level 23 in Crossbows
 51867 | Vaults:2 | Received a gift from Trog
 53489 | Vaults:2 | Received a gift from Trog
 54105 | Vaults:3 | Identified the amulet of Atuos {Inacc +Inv MR- MP-9 Int+8} (You found it in a wizard's laboratory)
 54391 | Vaults:2 | Reached skill level 24 in Crossbows
 54417 | Vaults:2 | Reached XP level 23. HP: 145/152 MP: 9/29
 55016 | Vaults:3 | Received a gift from Trog
 56055 | Vaults:3 | Found the +3 giant club "Skullcrusher" {speed, Str+7}
 56489 | Vaults:4 | Received a gift from Trog
 56833 | Vaults:4 | Received a gift from Trog
 56907 | Vaults:4 | Noticed Xtahua
 56908 | Vaults:4 | Noticed Jorgrun
 56935 | Vaults:4 | Killed Xtahua
 56947 | Vaults:4 | Killed Jorgrun
 57291 | Vaults:4 | Noticed Mennas
 57321 | Vaults:4 | Received a gift from Trog
 57571 | Vaults:4 | Killed Mennas
 57848 | Vaults:4 | Received a gift from Trog
 57948 | Vaults:4 | Reached XP level 24. HP: 105/157 MP: 14/29
 58223 | Vaults:4 | Noticed Boris
 58695 | Depths:1 | Entered Level 1 of the Depths
 59574 | Depths:1 | Reached skill level 25 in Crossbows
 59641 | Depths:1 | Received a gift from Trog
 59948 | Depths:1 | Reached skill level 15 in Long Blades
 60012 | Depths:1 | Noticed Wapistan's ghost (adept MiGl)
 60097 | Depths:1 | Killed Wapistan's ghost
 60594 | Depths:1 | Received a gift from Trog
 60650 | Depths:1 | Found a gateway to Hell.
 60768 | Depths:2 | Found a sacrificial altar of Ru.
 61271 | Depths:2 | Found a portal to a secret trove of treasure.
 61417 | Depths:2 | Noticed Bai Suzhen
 61519 | Depths:1 | Killed Bai Suzhen
 62589 | Depths:2 | Noticed a golden dragon
 63025 | Depths:2 | Received a gift from Trog
 63317 | Depths:2 | Killed a golden dragon
 63396 | Depths:2 | Reached skill level 26 in Crossbows
 63623 | Depths:2 | Reached XP level 25. HP: 135/163 MP: 9/29
 63681 | Depths:2 | Found the +14 mace of Variability {chaos}
 63926 | Depths:3 | Found Byzo's Gadget Shoppe.
 64726 | Depths:3 | Found a one-way gate leading to the halls of Pandemonium.
 65143 | Depths:3 | Reached skill level 27 in Crossbows
 65849 | Depths:3 | Received a gift from Trog
 66168 | Depths:3 | Found a one-way gate to the infinite horrors of the Abyss.
 66864 | Depths:4 | Found Ejues's Pet Rocks.
 67056 | Depths:4 | Reached skill level 15 in Armour
 67432 | Depths:4 | Found Xotystru's Magic Scroll Shoppe.
 67435 | Depths:4 | Bought a scroll of enchant armour for 112 gold pieces
 67435 | Depths:4 | Bought a scroll of teleportation for 45 gold pieces
 67435 | Depths:4 | Bought a scroll of enchant armour for 112 gold pieces
 67435 | Depths:4 | Bought a scroll of teleportation for 45 gold pieces
 67435 | Depths:4 | Bought a scroll of teleportation for 45 gold pieces
 68409 | Depths:4 | Received a gift from Trog
 68744 | Depths:4 | Reached XP level 26. HP: 170/170 MP: 29/29
 69097 | Depths:5 | Entered Level 5 of the Depths
 69136 | Depths:5 | Received a gift from Trog
 70161 | Depths:5 | Found a gate to the Realm of Zot.
 70727 | Depths:5 | Received a gift from Trog
 71065 | Depths:5 | Found a gateway to a ziggurat.
 71955 | Elf:1    | Entered Level 1 of the Elven Halls
 72133 | Elf:1    | Received a gift from Trog
 72974 | Elf:1    | Received a gift from Trog
 73191 | Elf:2    | Found a flickering gateway to a bazaar.
 73199 | Bazaar   | Entered a bazaar
 73240 | Bazaar   | Found Zuco Huic's Antique Armour Shoppe.
 73263 | Bazaar   | Found Weufuoph's Antique Armour Emporium.
 73263 | Bazaar   | Found Tetzen's Armour Shoppe.
 73306 | Bazaar   | Found Fiqil's Jewellery Emporium.
 73306 | Bazaar   | Found Pacyur's General Store.
 73322 | Bazaar   | Bought a scroll of enchant weapon for 52 gold pieces
 73322 | Bazaar   | Bought a scroll of teleportation for 21 gold pieces
 73377 | Bazaar   | Bought a pair of runed boots for 217 gold pieces
 73377 | Bazaar   | Bought an embroidered cloak for 217 gold pieces
 73384 | Bazaar   | Bought warped pearl dragon scales for 3001 gold pieces
 73394 | Bazaar   | Identified the +7 pearl dragon scales of Hairiness {rN+ Str+3 Dex+2} (You bought it in a shop in a bazaar)
 73628 | Elf:2    | Reached XP level 27. HP: 157/179 MP: 29/29
 73669 | Elf:2    | Found a deep blue altar of Sif Muna.
 74021 | Elf:2    | Found a huge runed gate.
 74021 | Elf:2    | Found a huge runed gate.
 74021 | Elf:2    | Found a huge runed gate.
 74022 | Elf:2    | Found a huge runed gate.
 74024 | Elf:2    | Found a huge runed gate.
 74677 | Elf:3    | Entered Level 3 of the Elven Halls
 74677 | Elf:3    | Found Kaan's Jewellery Shoppe.
 74886 | Elf:3    | Received a gift from Trog
 74996 | Elf:3    | Found Wol Itos's Assorted Antiques.
 75055 | Elf:3    | Found Zumm's Food Boutique.
 75133 | Elf:3    | Found Ete Ruwn's Jewellery Shoppe.
 75173 | Elf:3    | Found Lunnoto's General Store.
 76301 | Elf:3    | Identified the ring "Hybeymog" {rN++ MR+ Str+4 Int-4 Stlth-} (You took it off a deep elf archer on level 3 of the Elven Halls)
 76401 | Elf:3    | Received a gift from Trog
 76578 | Elf:3    | Identified the ring "Torphoawk" {rC+ SInv} (You took it off a deep elf mage on level 3 of the Elven Halls)
 76902 | Elf:3    | Identified the ring of Gluttony {*Drain rPois rN+ Int+3} (You took it off a deep elf archer on level 3 of the Elven Halls)
 77328 | Elf:3    | Got a bloodstained cloak
 77339 | Elf:3    | Identified the cursed -5 cloak "Toschej" {rPois rC++ Regen+ Slay-4} (You found it on level 3 of the Elven Halls)
 77801 | Shoals:4 | Entered Level 4 of the Shoals
 77914 | Shoals:4 | Received a gift from Trog
 78028 | Shoals:4 | Noticed Ilsuiw
 78065 | Shoals:4 | Killed Ilsuiw
 78196 | Shoals:4 | HP: 3/181 [satyr/sling bullet (9)]
 79105 | Shoals:4 | Got a barnacled rune of Zot
 79116 | Shoals:4 | Gained mutation: Your body sometimes deteriorates upon taking damage. [potion of mutation]
 79116 | Shoals:4 | Gained mutation: You possess an exceptional clarity of mind. [potion of mutation]
 79122 | Shoals:4 | Lost mutation: You possess an exceptional clarity of mind. [potion of mutation]
 79122 | Shoals:4 | Lost mutation: Your body sometimes deteriorates upon taking damage. [potion of mutation]
 79122 | Shoals:4 | Gained mutation: Your mind is acute. (Int +2) [potion of mutation]
 79122 | Shoals:4 | Gained mutation: Your spells are a little harder to cast, but a little more powerful. [potion of mutation]
 79122 | Shoals:4 | Gained mutation: You can translocate small distances at will. [potion of mutation]
 79122 | Shoals:4 | Gained mutation: You have supernaturally acute eyesight. (SInv) [potion of mutation]
 79123 | Shoals:4 | Lost mutation: Your mind is acute. (Int +2) [potion of mutation]
 79123 | Shoals:4 | Lost mutation: Your spells are a little harder to cast, but a little more powerful. [potion of mutation]
 79123 | Shoals:4 | Lost mutation: You have supernaturally acute eyesight. (SInv) [potion of mutation]
 79123 | Shoals:4 | Gained mutation: You are frail. (-10% HP) [potion of mutation]
 79123 | Shoals:4 | Gained mutation: You have a pair of small horns on your head. [potion of mutation]
 79124 | Shoals:4 | Lost mutation: You have a pair of small horns on your head. [potion of mutation]
 79124 | Shoals:4 | Lost mutation: You are frail. (-10% HP) [potion of mutation]
 79124 | Shoals:4 | Lost mutation: You can translocate small distances at will. [potion of mutation]
 79124 | Shoals:4 | Gained mutation: Armour fits poorly on your strangely shaped body. [potion of mutation]
 79124 | Shoals:4 | Gained mutation: Your mind is acute. (Int +2) [potion of mutation]
 79124 | Shoals:4 | Gained mutation: Your flesh is cold resistant. (rC+) [potion of mutation]
 79125 | Shoals:4 | Lost mutation: Your mind is acute. (Int +2) [potion of mutation]
 79125 | Shoals:4 | Lost mutation: Your flesh is cold resistant. (rC+) [potion of mutation]
 79125 | Shoals:4 | Lost mutation: Armour fits poorly on your strangely shaped body. [potion of mutation]
 79125 | Shoals:4 | Gained mutation: You are somewhat resistant to further mutation. [potion of mutation]
 79126 | Shoals:4 | Lost mutation: You are somewhat resistant to further mutation. [potion of mutation]
 79126 | Shoals:4 | Gained mutation: Armour fits poorly on your strangely shaped body. [potion of mutation]
 79126 | Shoals:4 | Gained mutation: Your flesh is cold resistant. (rC+) [potion of mutation]
 79127 | Shoals:4 | Lost mutation: Your flesh is cold resistant. (rC+) [potion of mutation]
 79127 | Shoals:4 | Lost mutation: Armour fits poorly on your strangely shaped body. [potion of mutation]
 79127 | Shoals:4 | Gained mutation: You have a somewhat thin skeletal structure. (Dex +2, Stealth) [potion of mutation]
 79127 | Shoals:4 | Gained mutation: Your system is resistant to poisons. (rPois) [potion of mutation]
 79127 | Shoals:4 | Gained mutation: You are somewhat resistant to further mutation. [potion of mutation]
 79544 | Depths:2 | Got a pitted silver ring
 79546 | Depths:2 | Identified the ring "Esenapy" {rPois rC+ Int+5 Stlth+} (You took it off a fire giant on level 2 of the Depths)
 79547 | Depths:2 | Lost mutation: Your system is resistant to poisons. (rPois) [potion of mutation]
 79547 | Depths:2 | Lost mutation: You have a somewhat thin skeletal structure. (Dex +2, Stealth) [potion of mutation]
 79547 | Depths:2 | Gained mutation: You do not regenerate when monsters are visible. [potion of mutation]
 79548 | Depths:2 | Lost mutation: You do not regenerate when monsters are visible. [potion of mutation]
 79548 | Depths:2 | Gained mutation: Your flesh is heat resistant. (rF+) [potion of mutation]
 79858 | Crypt:1  | Entered Level 1 of the Crypt
 80042 | Crypt:1  | Received a gift from Trog
 80274 | Crypt:1  | Received a gift from Trog
 81219 | Crypt:2  | Noticed Jory
 81399 | Crypt:1  | Killed Jory
 82053 | Crypt:2  | Reached skill level 10 in Evocations
 82314 | Crypt:3  | Entered Level 3 of the Crypt
 82461 | Crypt:3  | Received a gift from Trog
 82568 | Crypt:3  | Noticed Margery
 82572 | Crypt:3  | Killed Margery
 82948 | Crypt:3  | Received a gift from Trog
 83137 | Crypt:3  | Found an ancient bone altar of Kikubaaqudgha.
 83416 | Crypt:3  | Found a staircase to the Tomb.
 84568 | Orc:2    | Bought a scroll of blinking for 105 gold pieces
 84568 | Orc:2    | Bought a scroll of blinking for 105 gold pieces
 84568 | Orc:2    | Bought a scroll of teleportation for 42 gold pieces
 84570 | Orc:2    | Bought a scroll of fear for 49 gold pieces
 84598 | Orc:2    | Bought a potion of haste for 100 gold pieces
 84949 | Vaults:4 | Received a gift from Trog
 85469 | Vaults:4 | Killed Boris
 85613 | Vaults:5 | Entered Level 5 of the Vaults
 85676 | Vaults:5 | Received a gift from Trog
 86148 | Vaults:5 | Noticed an ancient lich
 86153 | Vaults:5 | Killed an ancient lich
 86210 | Vaults:5 | Noticed Mara
 86223 | Vaults:5 | Noticed rgaf's illusion
 86286 | Vaults:5 | HP: 3/184 [storm dragon/bolt of lightning (19)]
 86291 | Vaults:5 | Mangled by a titan

Skill      XL: |  1  2  3  4  5  6  7  8  9 10 11 12 13 14 15 16 17 18 19 20 21 22 23 24 25 26 27 |
---------------+----------------------------------------------------------------------------------+-----
Short Blades   | 5 6 |  6.0
Stealth        | 1 3 5 10 | 10.8
Fighting       | 5 7 8 9 10 11 12 13 14 15 16 17 18 19 22 | 22.2
Armour         | 3 5 6 7 8 9 10 11 12 13 14 15 17 20 | 20.6
Long Blades    | 4 6 7 9 10 11 12 14 15 | 15.8
Evocations     | 4 7 8 12 | 12.4
Crossbows      | 4 8 11 13 15 17 18 19 21 22 24 26 27 | 27.0
Dodging        | 8 |  8.7

Action                   |  1- 3 |  4- 6 |  7- 9 | 10-12 | 13-15 | 16-18 | 19-21 | 22-24 | 25-27 || total
-------------------------+-------+-------+-------+-------+-------+-------+-------+-------+-------++-------
Melee: Short sword       |   106 |    92 |    10 |       |       |       |       |       |       ||   208
       Rapier            |       |       |   374 |   885 |  1267 |    10 |       |       |       ||  2536
       Dagger            |       |       |    11 |       |       |       |       |       |       ||    11
       Scimitar          |       |       |       |       |   143 |   424 |  1046 |   171 |       ||  1784
       Arbalest          |       |       |       |       |       |       |     1 |       |       ||     1
       Double sword      |       |       |       |       |       |       |       |   798 |   306 ||  1104
       Demon blade       |       |       |       |       |       |       |       |       |   222 ||   222
 Fire: Triple crossbow   |       |       |       |    28 |     2 |    17 |    19 |   737 |  1948 ||  2751
       Arbalest          |       |       |       |       |       |   162 |   752 |    31 |       ||   945
Invok: Berserk           |     2 |     5 |    12 |    24 |    37 |     5 |    22 |    32 |    18 ||   157
       Burn Spellbooks   |       |       |       |       |     4 |     1 |     3 |     3 |     6 ||    17
       Brothers in Arms  |       |       |       |       |     1 |     1 |     4 |     4 |     3 ||    13
 Abil: Stop Flying       |       |       |       |       |       |       |       |       |     1 ||     1
Evoke: Wand              |       |       |     7 |    27 |     8 |       |     5 |       |     4 ||    51
  Use: Potion            |       |       |     2 |     1 |       |     2 |     8 |     3 |    26 ||    42
       Scroll            |       |       |     1 |    15 |    25 |     4 |    18 |    10 |    39 ||   112
 Stab: Sleeping          |     2 |     3 |       |     2 |       |       |       |       |     1 ||     8
       Paralysed         |       |       |     3 |       |       |       |       |       |       ||     3
       Distracted        |       |       |       |       |     3 |       |     1 |     3 |     1 ||     8
  Eat: Chunk             |    12 |     5 |    29 |    52 |    82 |    30 |    63 |    75 |    76 ||   424
       Ration            |       |       |     1 |       |       |       |       |     1 |    10 ||    12
Armor: Animal skin       |    21 |    10 |       |       |       |       |       |       |       ||    31
       Chain mail        |       |     3 |   144 |   401 |    56 |       |       |       |       ||   604
       Plate armour      |       |       |       |       |   501 |   463 |   812 |   499 |       ||  2275
       Storm dragon scal |       |       |       |       |       |       |       |    70 |   246 ||   316
       Pearl dragon scal |       |       |       |       |       |       |       |       |   378 ||   378
Dodge: Dodged            |    63 |    45 |   147 |   375 |   543 |   254 |   732 |   629 |   865 ||  3653
       Rpst.: Scimitar   |       |       |       |       |    25 |    55 |   147 |    13 |       ||   240
       Double sword      |       |       |       |       |       |       |       |    87 |    45 ||   132
       Demon blade       |       |       |       |       |       |       |       |       |    32 ||    32
